 Dungeon Crawl Stone Soup version 0.21-a0-421-gfc1ce30 (webtiles) character file.

154 tof the Slasher (level 5, 0/47 HPs)
             Began as a Minotaur Monk on Nov 4, 2017.
             Was a Believer of Ru.
             Slain by an orc
             ... wielding a +0 dagger
              (2 damage)
             ... on level 3 of the Dungeon.
             The game lasted 00:03:55 (1829 turns).

tof the Slasher (Minotaur Monk)                     Turns: 1829, Time: 00:03:56

Health: 0/47       AC:  5    Str: 16    XL:     5   Next: 13%
Magic:  4/4        EV: 12    Int:  7    God:    Ru [**....]
Gold:   83         SH:  0    Dex: 13    Spells: 4/4 levels left

rFire    . . .     SeeInvis .   a - +0 falchion
rCold    . . .     Gourm    .   (no shield)
rNeg     . . .     Faith    .   i - +0 ring mail
rPois    .         Spirit   .   (helmet restricted)
rElec    .         Reflect  .   (no cloak)
rCorr    .         Harm     .   (no gloves)
MR       .....                  (no boots)
Stlth    +.........             (no amulet)
HPRegen  0.15/turn              m - ring of wizardry
MPRegen  0.09/turn              (no ring)

@: no status effects
A: retaliatory headbutt, horns 2, inability to use devices
a: Renounce Religion


You were on level 3 of the Dungeon.
You worshipped Ru.
Ru was pleased with you.
You were not hungry.

You visited 1 branch of the dungeon, and saw 3 of its levels.

You collected 83 gold pieces.

Inventory:

Hand Weapons
 a - a +0 falchion (weapon)
 b - a +0 blowgun
Armour
 i - a +0 ring mail (worn)
 p - a +0 robe
Jewellery
 m - a ring of wizardry (left hand)
Scrolls
 e - 2 scrolls of identify {unknown}
 k - a scroll of teleportation {unknown}
 o - a scroll of enchant armour {unknown}
 q - a scroll of amnesia {unknown}
 r - a scroll of fear {unknown}
 s - a scroll of immolation {unknown}
Potions
 d - a potion of resistance {unknown}
 g - a potion of haste {unknown}
 h - a potion of agility {unknown}
 j - a potion of curing {unknown}
 l - a potion of heal wounds {unknown}
 n - 2 potions of magic {unknown}
 t - a potion of degeneration {unknown}
Comestibles
 c - 2 bread rations
 f - a meat ration
 u - 7 chunks of flesh


   Skills:
 + Level 4.3 Fighting
 * Level 5.0 Long Blades
 + Level 1.8 Throwing
 + Level 2.0 Armour
 + Level 4.0 Dodging
 - Level 1.5 Stealth


You had 4 spell levels left.
You didn't know any spells.

Dungeon Overview and Level Annotations

Branches:
Dungeon (3/15)

Altars:
Cheibriados
Dithmenos
Hepliaklqana
Ru


Innate Abilities, Weirdness & Mutations

You reflexively headbutt those who attack you in melee.
You have a pair of horns on your head.
You cannot study or use magical devices.


Message History

The orc closely misses you.
You riposte.
You hit the orc.
The orc is heavily wounded.
The orc priest hits you but does no damage.
You completely miss the orc priest.
The orc priest is almost dead.
The orc hits you but does no damage.
The orc priest invokes the aid of Beogh against you.
Pain shoots through your body!
* * * LOW HITPOINT WARNING * * *
You hit the orc priest.
You kill the orc priest!
Your Long Blades skill increases to level 5!
Your Armour skill increases to level 2!
Your Dodging skill increases to level 4!
You have reached level 5!
The orc hits you but does no damage.
You barely miss the orc.
The orc is moderately wounded.
The orc hits you with a dagger.
You die...

....####.###.. .##....
....###.......#..#... #
..............##.#.. .###
........#..#..##.#.# .....
##.##.....##.###.#o#......
..)#.........##.).........
.#.(.........#.()##.......
##..))†........#o# .o.....
#............##@##.......
#......).....##))........
.............#####........
..##....#....## .<......
.. ####..##...# #...... ..
##.##...# #..# . #.##.#.#
... #.##.### .. #.....#


You could see an orc.

Vanquished Creatures
  An orc priest (D:3)
  3 adders
  An ooze (D:3)
  A worm (D:3)
  4 dart slugs
  10 orcs (D:3)
  A giant cockroach (D:1)
  7 goblins
  11 hobgoblins
  A quokka (D:2)
  7 bats
  3 frilled lizards
  15 kobolds
  6 rats
71 creatures vanquished.

Vanquished Creatures (others)
  A dart slug (D:3)
  2 orcs (D:3)
3 creatures vanquished.

Grand Total: 74 creatures vanquished

Notes
Turn   | Place    | Note
-------+----------+-------------------------------------------
     0 | D:1      | tof the Minotaur Monk began the quest for the Orb.
     0 | D:1      | Reached XP level 1. HP: 19/19 MP: 0/0
   336 | D:1      | Reached XP level 2. HP: 27/27 MP: 1/1
   411 | D:1      | Reached skill level 4 in Long Blades
   578 | D:1      | Reached skill level 1 in Armour
   784 | D:1      | Reached XP level 3. HP: 31/33 MP: 2/2
   842 | D:1      | Reached skill level 1 in Throwing
  1134 | D:2      | Found a sacrificial altar of Ru.
  1360 | D:2      | Found a shadowy altar of Dithmenos.
  1421 | D:2      | Found a snail-covered altar of Cheibriados.
  1421 | D:2      | Found a hazy altar of Hepliaklqana.
  1506 | D:2      | Became a worshipper of Ru the Awakened
  1576 | D:3      | Reached XP level 4. HP: 40/40 MP: 3/3
  1580 | D:3      | Gained mutation: You cannot study or use magical devices. [Ru sacrifice]
  1580 | D:3      | Reached * piety under Ru
  1580 | D:3      | Reached ** piety under Ru
  1827 | D:3      | HP: 2/40 [orc priest/nerve-wracking pain (5)]
  1828 | D:3      | Reached skill level 5 in Long Blades
  1828 | D:3      | Reached XP level 5. HP: 2/47 MP: 4/4
  1829 | D:3      | Slain by an orc

Vault maps used:
D:1:      moated_graveyard_arrival
D:2:      kennysheep_big_flooded_room, nicolae_dithmenos_through_a_glass_darkly,
          nicolae_ru_the_path_less_chosen, gammafunk_temple_overflow_wave
D:3:      first_bread

Skill      XL: |  1  2  3  4 |
---------------+-------------+-----
Long Blades    | 4 5 |  5.0
Armour         | 1 2 |  2.0
Throwing       | 1 |  1.8
Fighting       | 4 |  4.3
Dodging        | 4 |  4.0
Stealth        | |  1.5

Action                   |  1- 3 |  4- 6 || total
-------------------------+-------+-------++-------
Melee: Falchion          |    81 |    53 ||   134
       Headbutt          |    14 |    11 ||    25
Invok: Sacrifice Artific |       |     1 ||     1
 Stab: Sleeping          |     3 |       ||     3
       Invisible         |       |     1 ||     1
  Eat: Chunk             |     2 |     1 ||     3
Armor: Robe              |     4 |       ||     4
       Ring mail         |    14 |    15 ||    29
Dodge: Dodged            |    70 |    35 ||   105
       Rpst.: Falchion   |    13 |    12 ||    25

Table legend:
 A = Spawn XP
 B = Non-spawn XP
 C = Spawn XP percentage of total XP
 D = Spawn monster count
 E = Non-spawn monster count
 F = Spawn count percentage of total count
 G = Total turns spent on level
                    A         B        C        D         E        F      G
               +---------+---------+-------+---------+---------+-------+---------
         Total |       0 |     221 |   0.0 |       0 |      72 |   0.0 |  1829
               +---------+---------+-------+---------+---------+-------+---------
           D:1 |       0 |      51 |   0.0 |       0 |      29 |   0.0 |  1041
           D:2 |       0 |      34 |   0.0 |       0 |      15 |   0.0 |   482
           D:3 |       0 |     136 |   0.0 |       0 |      28 |   0.0 |   306
               +---------+---------+-------+---------+---------+-------+---------
